 Dungeon Crawl Stone Soup version 0.26.0-15-gc6cd9f7 (webtiles) character file.

Game seed: 7593446395272585300

1124 bogs101 the Arsonist (level 8, -2/41 HPs)
             Began as a Deep Elf Hedge Wizard on Jan 23, 2021.
             Slain by an orc warrior
             ... wielding a +1 long sword of holy wrath
              (16 damage)
             ... on level 5 of the Dungeon.
             The game lasted 00:19:31 (7347 turns).

bogs101 the Arsonist (Deep Elf Hedge Wizard)        Turns: 7347, Time: 00:19:32

Health: -2/41      AC:  3    Str:  7    XL:     8   Next: 13%
Magic:  9/16       EV: 13    Int: 22    God:
Gold:   284        SH:  0    Dex: 14    Spells: 6/15 levels left

rFire    . . .     SeeInvis .   a - +0 dagger
rCold    . . .     Faith    .   (no shield)
rNeg     . . .     Spirit   .   b - +0 robe
rPois    .         Reflect  .   c - +0 hat
rElec    .         Harm     .   p - +0 cloak
rCorr    .         Rampage  .   (no gloves)
Will     .....                  (no boots)
Stlth    +++.......             (no amulet)
HPRegen  0.13/turn              (no ring)
MPRegen  0.15/turn              (no ring)

@: no status effects
A: no striking features
a: no special abilities


You were on level 5 of the Dungeon.
You visited 1 branch of the dungeon, and saw 6 of its levels.

You collected 284 gold pieces.

Inventory:

Hand Weapons
 a - a +0 dagger (weapon)
Missiles
 j - 197 stones
 k - 103 arrows
 x - 98 bolts
 A - 32 sling bullets
 B - 2 datura-tipped darts
 F - 13 poisoned darts (quivered)
Armour
 b - a +0 robe (worn)
 c - a +0 hat (worn)
 p - a +0 cloak (worn)
Jewellery
 f - an uncursed ring of magical power {unknown}
 m - an uncursed ring of poison resistance {unknown}
 u - a cursed ring of teleportation {unknown}
Wands
 y - a wand of random effects (28)
 C - a wand of enslavement (11)
 E - a wand of flame (13)
Scrolls
 e - 4 scrolls of remove curse {unknown}
 g - 2 scrolls of amnesia {unknown}
 h - a scroll of immolation {unknown}
 i - a scroll of noise {unknown}
 n - 4 scrolls of teleportation {unknown}
 q - a scroll of fog {unknown}
 r - 3 scrolls of identify {unknown}
 s - 4 scrolls of blinking {unknown}
Potions
 d - 3 potions of curing {unknown}
 l - 2 potions of berserk rage {unknown}
 o - a potion of resistance {unknown}
 t - a potion of attraction {unknown}
 v - 2 potions of haste {unknown}
 w - a potion of heal wounds {unknown}
 z - 2 potions of might {unknown}
 D - a potion of brilliance {unknown}


   Skills:
 - Level 2.4 Dodging
 - Level 5.0 Stealth
 - Level 4.4 Spellcasting
 - Level 5.0 Conjurations
 - Level 1.1 Summonings
 - Level 1.1 Translocations
 - Level 8.0 Fire Magic
 * Level 2.3 Poison Magic


You had 6 spell levels left.
You knew the following spells:

 Your Spells              Type           Power        Failure   Level
a - Magic Dart            Conj           100%         1%          1
b - Blink                 Tloc           N/A          11%         2
c - Conjure Flame         Conj/Fire      33%          2%          3
d - Mephitic Cloud        Conj/Pois/Air  15%          12%         3

Your spell library contained the following spells:

 Spells                   Type           Power        Failure   Level
 Call Imp                 Summ           9%           11%         2
 Slow                     Hex            4%           16%         2


Dungeon Overview and Level Annotations

Branches:
Dungeon (6/15)
 Temple: D:4-7

Altars:
Ashenzari
Qazlal
Uskayaw
Wu Jian
Xom
Yredelemnul

Annotations:
D:4 exclusion: downstairs
D:6 1 runed translucent door, exclusion: ice beast, PrincessRibbit's ghost, novice HONe


Message History

Confirm with . or Enter, or press ? or * to list all spells.
Aiming: Magic Dart (safe; 1% risk of failure)
Press: ? - help, Shift-Dir - straight line, f - orc warrior
Aim: an orc warrior, wielding a +1 long sword of holy wrath and wearing a +0 plate armour (0% to evade)
The magic dart hits the orc warrior but does no damage.
Casting: Magic Dart (safe; 1% risk of failure)
Confirm with . or Enter, or press ? or * to list all spells.
You blink.
The orc warrior barely misses you.
Casting: Blink (safe; 11% risk of failure)
Confirm with . or Enter, or press ? or * to list all spells.
You blink.
Casting: Blink (safe; 11% risk of failure)
Confirm with . or Enter, or press ? or * to list all spells.
You blink.
Casting: Blink (safe; 11% risk of failure)
Confirm with . or Enter, or press ? or * to list all spells.
You blink.
The orc warrior hits you with a +1 long sword of holy wrath!
You die...

......##.# #.#.# #.####.#
.........# #.#.###.#....#
######
......#######.#.....#.####
#..... ......#.....#.#####...#
#.####
......#.###.#.....#.########.#
......<.....#.)##.#.#......#.#
......#.#####..##.#.#.####.#.#
###.#'#.# #....##.#.#)## #...#
####### #.#>.o@.#....#######
####### #.#########...#
#^._^^# #.........##..#
##.^.## ##...####.#...#
#.^^.^# #....# #.#.#.# ##^^.##
#....###.#...# ##'##
#.##.....##### ##.# #.########
#..#### ###.#


You could see an orc warrior.

Vanquished Creatures
  An ice beast (D:5)
  An ogre (D:6)
  2 centaurs (D:5)
  2 scorpions (D:5)
  A water moccasin skeleton (D:6)
  A wyvern skeleton (D:6)
  A howler monkey (D:2)
  3 orc priests
  A bullfrog skeleton (D:5)
  2 jellies
  Jessica (D:2)
  4 orc wizards
  A hound skeleton (D:5)
  4 gnolls (D:3)
  6 adders
  An ufetubus (D:5)
  An ooze (D:5)
  A worm (D:4)
  4 dart slugs
  4 leopard geckos
  14 orcs
  2 ball pythons
  8 bats
  5 giant cockroaches
  13 goblins
  9 hobgoblins
  8 jackals
  A quokka (D:4)
  7 frilled lizards
  12 kobolds
  A leopard gecko zombie (D:6)
  A quokka skeleton (D:4)
  10 rats
  A spectral orc (D:5)
134 creatures vanquished.

Vanquished Creatures (others)
  2 plants (D:6)
2 creatures vanquished.

Grand Total: 136 creatures vanquished

Notes
Turn   | Place    | Note
-------+----------+-------------------------------------------
     0 | D:1      | bogs101 the Deep Elf Hedge Wizard began the quest for the
                  | Orb.
     0 | D:1      | Reached XP level 1. HP: 10/10 MP: 7/7
   236 | D:1      | Reached XP level 2. HP: 15/15 MP: 2/9
   239 | D:1      | Learned a level 2 spell: Blink
   882 | D:1      | Reached XP level 3. HP: 13/19 MP: 1/10
   886 | D:1      | Learned a level 3 spell: Conjure Flame
   890 | D:1      | Learned a level 3 spell: Mephitic Cloud
  1730 | D:2      | Noticed Jessica
  1739 | D:2      | Killed Jessica
  1740 | D:2      | Reached XP level 4. HP: 24/24 MP: 2/12
  2251 | D:2      | Reached skill level 5 in Conjurations
  2401 | D:2      | Reached XP level 5. HP: 18/28 MP: 4/13
  3084 | D:3      | Reached skill level 5 in Stealth
  3253 | D:3      | Found a shimmering altar of Xom.
  3254 | D:3      | Found an ornate altar of the Wu Jian Council.
  3345 | D:3      | Reached skill level 1 in Fire Magic
  3812 | D:3      | Reached skill level 2 in Fire Magic
  3812 | D:3      | Reached XP level 6. HP: 32/32 MP: 11/14
  4245 | D:4      | Found a broken altar of Ashenzari.
  4523 | D:4      | Reached skill level 3 in Fire Magic
  4718 | D:4      | Noticed a fire elemental
  4720 | D:4      | Found a stormy altar of Qazlal.
  4725 | D:4      | Noticed a water elemental
  4808 | D:4      | Reached skill level 4 in Fire Magic
  5061 | D:4      | Noticed an air elemental
  5188 | D:5      | Entered Level 5 of the Dungeon
  5481 | D:5      | Noticed a +0 hand axe
  5482 | D:5      | Noticed a +0 hand axe
  5621 | D:5      | Found a hide-covered altar of Uskayaw.
  5780 | D:5      | Reached skill level 5 in Fire Magic
  5780 | D:5      | Reached XP level 7. HP: 36/36 MP: 9/15
  6209 | D:6      | Found a runed translucent door.
  6209 | D:6      | Noticed PrincessRibbit's ghost (novice HONe)
  6329 | D:6      | Reached skill level 6 in Fire Magic
  6632 | D:5      | Reached skill level 7 in Fire Magic
  6817 | D:5      | Found a basalt altar of Yredelemnul.
  6897 | D:5      | Reached skill level 1 in Poison Magic
  6897 | D:5      | Reached XP level 8. HP: 39/41 MP: 3/16
  7200 | D:5      | Reached skill level 8 in Fire Magic
  7347 | D:5      | Slain by an orc warrior

Illustrated notes

Levels and vault maps discovered:
D:1:      amcnicky_arrival_gap_in_the_tavern_cellar, layout_loops_corners
D:2:      minmay_razor_zed, layout_rooms, minmay_door_square, corexii_shack,
          uniq_jessica
D:3:      layout_basic, gammafunk_temple_overflow_statue, minmay_misc_feat_roman
D:4:      layout_basic, nicolae_qazlal_style_of_elements, kennysheep_little_box
D:5:      layout_basic, yredelemnul_forgotten_temple_becter,
          dancing_weapons_uskayaw
D:6:      layout_loops_ring, serial_shops, nicolae_shop_overgrown_old_shop,
          gammafunk_ghost_grave, uniq_grinder

Skill      XL: |  1  2  3  4  5  6  7  8 |
---------------+-------------------------+-----
Conjurations   | 2 3 4 5 |  5.0
Stealth        | 3 5 |  5.0
Fire Magic     | 2 5 7 8 |  8.0
Poison Magic   | 1 2 |  2.3
Dodging        | |  2.4
Spellcasting   | |  4.4
Summonings     | |  1.1
Translocations | |  1.1

Action                   |  1- 3 |  4- 6 |  7- 9 || total
-------------------------+-------+-------+-------++-------
Throw: Dart              |       |       |     8 ||     8
 Cast: Magic Dart        |    85 |   212 |    75 ||   372
       Conjure Flame     |       |     1 |     4 ||     5
       Mephitic Cloud    |       |       |     3 ||     3
       Blink             |       |       |     4 ||     4
Armor: Robe              |     1 |     7 |     2 ||    10
Dodge: Dodged            |    10 |    24 |     7 ||    41
